 Dungeon Crawl Stone Soup version 0.30.0-20-g3b4254fcbd (webtiles) character file.

Game seed: 13431788033101048828

144 Graphine the Trooper (level 5, -3/42 HPs)
             Began as a Human Chaos Knight on June 2, 2023.
             Was a Plaything of Xom.
             Slain by a gnoll
             ... wielding a +0 flail
              (9 damage)
             ... on level 3 of the Dungeon.
             The game lasted 00:05:31 (1937 turns).

Graphine the Trooper (Human Chaos Knight)           Turns: 1937, Time: 00:05:34

Health: -3/42      AC:  7    Str: 14    XL:     5   Next: 52%
Magic:  5/5        EV: 12    Int: 13    God:    Xom [.....*]
Gold:   147        SH:  0    Dex: 12    Spells: 4/4 levels left

rFire   . . .        a - +0 hand axe (chaos)
rCold   . . .        (no shield)
rNeg    . . .        b - +2 leather armour
rPois   .            o - +0 helmet
rElec   .            (no cloak)
rCorr   .            f - +0 pair of gloves
SInv    .            (no boots)
Will    .....        p - amulet of magic regeneration
Stlth   +            (no ring)
HPRegen 0.27/turn    (no ring)
MPRegen 0.49/turn

%: no passive effects
@: no status effects
A: no striking features
a: Renounce Religion


You were on level 3 of the Dungeon.
You worshipped Xom.
You were Xom's teddy bear.
You visited 1 branch of the dungeon, and saw 3 of its levels.

You collected 147 gold pieces.

Inventory:

Hand Weapons
 a - a +0 hand axe of chaos (weapon)
 e - a +0 trident
Armour
 b - a +2 leather armour (worn)
 f - a +0 pair of gloves (worn)
 o - a +0 helmet (worn)
Magical Staves
 r - a staff of fire
Jewellery
 p - an amulet of magic regeneration (around neck)
Scrolls
 k - a scroll of summoning {unknown}
 m - a scroll of poison {unknown}
 n - a scroll of amnesia {unknown}
 s - a scroll of identify {unknown}
Potions
 d - a potion of lignification {unknown}
 g - 2 potions of brilliance {unknown}
 i - a potion of invisibility {unknown}
 l - a potion of haste {unknown}
 q - 2 potions of mutation {unknown}
Miscellaneous
 c - a piece from Xom's chessboard (13/15) (quivered)


   Skills:
 + Level 3.8 Fighting
 + Level 3.8 Axes
 + Level 3.1 Armour
 + Level 2.4 Dodging


You had 4 spell levels left.
You didn't know any spells.
Your spell library contained the following spells:

 Spells                   Type           Power      Damage    Failure   Level
 Sting                    Tmut/Pois      0%         1d3       36%         1
 Cigotuvi's Dreadful Rot  Necr/Pois/Air  0%         N/A       50%         2
 Ignite Poison            Fire/Tmut/Pois 0%         N/A       75%         3
 Summon Cactus Giant      Summ           0%         N/A       100%        6
 Summon Horrible Things   Summ           0%         N/A       100%        8


Dungeon Overview and Level Annotations

Branches:
Dungeon (3/15)

Altars:
Gozag


Message History

You hit the giant cockroach but do no damage.
The giant cockroach is severely wounded.
You feel sick.
You are no longer poisoned.
The giant cockroach bites you. The giant cockroach closely misses you.
You hit the giant cockroach.
You kill the giant cockroach!
No target in view!
You start resting.
HP restored.
You start waiting.
Done waiting.
You climb downwards.
The gnoll hits you but does no damage.
The quokka bites you but does no damage.
The moth of wrath barely misses you. The gnoll closely misses you.
There is a stone staircase leading up here.
You hit the quokka.
The quokka seems to slow down.
The quokka is moderately wounded.
You closely miss the gnoll.
You hit the moth of wrath but do no damage.
The moth of wrath seems to speed up.
The quokka is no longer moving slowly.
The moth of wrath goads the gnoll on!
The gnoll goes berserk!
The quokka bites you but does no damage.
The moth of wrath barely misses you. The gnoll closely misses you.
You hit the moth of wrath.
The moth of wrath is poisoned.
The moth of wrath is lightly wounded.
You hit the quokka but do no damage.
Space warps around the quokka.
You kill the quokka!
You closely miss the gnoll. The moth of wrath closely misses you.
The gnoll hits you with a +0 flail!
The moth of wrath goads the adder on!
The adder goes berserk!
You hit the moth of wrath but do no damage.
The moth of wrath is lightly wounded.
You hit the gnoll. You barely miss the adder. The adder barely misses you.
The moth of wrath bites you. The gnoll closely misses you.
The adder barely misses you. The moth of wrath bites you!!
* * * LOW HITPOINT WARNING * * *
The gnoll hits you with a +0 flail!
You die...
Xom snickers!

.###.# .# .. .. .#
##....#.# ...#...
# # .......# ..
#...#.#.#.# ..
#...g.....#
.....#..@.....#
.....?.#.yS†....##
#.......g.........
#........#.#......
#.................
......#..#.......#
......#.$........#
#....)...##......
#...b)<..# ##...


You could see a moth of wrath shaped shifter (fast, very poisoned), 2 gnolls and
an adder (berserk).

Vanquished Creatures
  Terence (D:2)
  Robin (D:2)
  A gnoll (D:2)
  An adder (D:2)
  A dart slug (D:1)
  5 worms
  7 bats
  3 endoplasms
  2 giant cockroaches
  9 goblins
  6 hobgoblins
  2 jackals (D:1)
  2 quokkas
  3 ball pythons
  3 frilled lizards
  8 kobolds
  5 rats
60 creatures vanquished.

Vanquished Creatures (collateral kills)
  A bat (D:3)
  A goblin (D:3)
2 creatures vanquished.

Grand Total: 62 creatures vanquished

Notes
Turn   | Place    | Note
-------+----------+-------------------------------------------
     0 | D:1      | Graphine the Human Chaos Knight began the quest for the
                  | Orb.
     0 | D:1      | Reached XP level 1. HP: 18/18 MP: 1/1
   227 | D:1      | Reached XP level 2. HP: 20/24 MP: 2/2
   293 | D:1      | Found an opulent altar of Gozag.
   411 | D:1      | XOM: silly message
   423 | D:1      | Reached XP level 3. HP: 26/29 MP: 3/3
   763 | D:1      | You fall into a shaft and drop 1 floor!
   768 | D:2      | Got the Tome of the Toxic Gang
   807 | D:2      | Noticed Robin
   834 | D:2      | Killed Robin
   835 | D:2      | Reached XP level 4. HP: 20/35 MP: 4/4
  1090 | D:2      | XOM: 3-stop teleportation journey
  1484 | D:2      | Noticed Terence
  1495 | D:2      | Killed Terence
  1496 | D:2      | Reached XP level 5. HP: 31/42 MP: 5/5
  1638 | D:3      | XOM: butterfly on damage
  1642 | D:3      | XOM: summons 3 friendly demons
  1644 | D:3      | a gnoll changed into a glowing shapeshifter
  1644 | D:3      | Noticed a glowing shapeshifter (glowing shapeshifter)
  1644 | D:3      | a glowing shapeshifter changed into a tarantella
  1644 | D:3      | Noticed a tarantella (glowing shapeshifter)
  1648 | D:3      | a tarantella changed into a yaktaur
  1648 | D:3      | Noticed a yaktaur (glowing shapeshifter)
  1653 | D:3      | Noticed a jumping spider
  1724 | D:2      | XOM: noise
  1778 | D:3      | XOM: enchant monster (good)
  1781 | D:3      | a jumping spider changed into a yaktaur
  1781 | D:3      | Noticed a yaktaur (glowing shapeshifter)
  1782 | D:3      | a yaktaur changed into an elephant
  1782 | D:3      | Noticed an elephant (glowing shapeshifter)
  1783 | D:3      | an elephant changed into a moth of wrath
  1783 | D:3      | Noticed a moth of wrath (glowing shapeshifter)
  1937 | D:3      | Slain by a gnoll

Illustrated notes

Levels and vault maps discovered:
D:1:      dpeg_arrival_fog, layout_basic, minmay_hexomino_r4
D:2:      layout_loops_ring, minmay_surrounded, uniq_robin, uniq_terence
D:3:      layout_rooms

Skill      XL: |  1  2  3  4 |
---------------+-------------+-----
Dodging        | 2 |  2.4
Armour         | 3 |  3.1
Fighting       | |  3.8
Axes           | |  3.8

Action                     |  1- 3 |  4- 6 || total
---------------------------+-------+-------++-------
  Melee: Hand axe          |    72 |    89 ||   161
         Punch             |       |     2 ||     2
  Evoke: Piece from Xom's  |       |     4 ||     4
    Use: Scroll            |       |     2 ||     2
   Stab: Sleeping          |     1 |     1 ||     2
         Confused          |       |     2 ||     2
 Armour: Leather armour    |    36 |    39 ||    75
  Dodge: Dodged            |    55 |    73 ||   128
